 Dungeon Crawl Stone Soup version 0.21.1-68-g103a7af (webtiles) character file.

9029 Madoushi the Cleaver (level 11, -3/97 HPs)
             Began as a Minotaur Berserker on Aug 2, 2018.
             Was an Elder of Trog.
             Blown up by a great orb of eyes (11 damage)
             ... with a disintegration bolt
             ... on level 2 of the Abyss.
             The game lasted 00:42:45 (11007 turns).

Madoushi the Cleaver (Minotaur Berserker)          Turns: 11007, Time: 00:42:46

Health: -3/97      AC: 11    Str: 24    XL:     11   Next: 17%
Magic:  3/3        EV: 12    Int:  4    God:    Trog [****..]
Gold:   500        SH:  0    Dex: 11    Spells: 10/10 levels left

rFire    . . .     SeeInvis .   X - +3 broad axe (antimagic)
rCold    . . .     Gourm    .   i - +0 shield
rNeg     + . .     Faith    +   k - +3 ring mail
rPois    +         Spirit   .   (helmet restricted)
rElec    .         Reflect  .   E - +0 cloak
rCorr    .         Harm     .   (no gloves)
MR       .....                  (no boots)
Stlth    ..........             T - amulet of faith
HPRegen  0.26/turn              m - ring of poison resistance
MPRegen  0.08/turn              h - ring of positive energy

@: confused, drained
A: retaliatory headbutt, horns 2
a: Berserk, Trog's Hand, Brothers in Arms, Burn Spellbooks, Renounce Religion


You were on level 2 of the Abyss.
You worshipped Trog.
Trog was greatly pleased with you.
You were not hungry.

You visited 1 branch of the dungeon, and saw 10 of its levels.
You visited the Abyss 1 time.
You also visited: Sewer.

You collected 500 gold pieces.

Inventory:

Hand Weapons
 a - a +0 hand axe
 t - a +2 mace of protection
 y - the +4 whip of Tenacity {slash, Str+4}
   (You found it on level 4 of the Dungeon)

   It inflicts extra damage upon your enemies.
   It affects your strength (+4).
 z - a +1 scimitar of flaming
 C - a +2 mace of holy wrath
 D - a +2 quarterstaff of chaos
 I - a +3 falchion of electrocution
 R - a cursed +0 great sword of slicing
 S - a +0 shortbow
 X - a +3 antimagic broad axe (weapon)
Missiles
 O - 122 stones (quivered)
 U - 3 tomahawks of returning
Armour
 b - a +0 animal skin
 i - a +0 shield (worn)
 k - a +3 ring mail (worn)
 s - a +1 chain mail of cold resistance
 x - a +0 buckler
 A - a +0 chain mail
 E - a +0 cloak (worn)
 N - a +1 robe of cold resistance
Jewellery
 h - a ring of positive energy (right hand)
 m - a ring of poison resistance (left hand)
 p - an uncursed ring of wizardry
 T - an amulet of faith (around neck)
Wands
 e - a wand of random effects (22)
 u - a wand of flame (46)
 H - a wand of polymorph (14)
 J - a wand of acid (5)
Scrolls
 f - 4 scrolls of remove curse
 G - 3 scrolls of immolation
 Q - a scroll of random uselessness
 V - 3 scrolls of teleportation
Potions
 d - a potion of cancellation {unknown}
 g - a potion of might
 j - a potion of resistance {unknown}
 l - 2 potions of degeneration
 n - 2 potions of mutation {unknown}
 q - 2 potions of agility {unknown}
 v - a potion of lignification {unknown}
 w - 2 potions of ambrosia
 B - 2 potions of berserk rage {unknown}
 F - 3 potions of magic
 K - 3 potions of brilliance
 L - 3 potions of flight {unknown}
 M - a potion of haste {unknown}
Comestibles
 c - 12 rations


   Skills:
 + Level 9.2(8.7) Fighting
 + Level 10.4(11.1) Axes
 + Level 9.1(10.5) Maces & Flails
 + Level 8.8(8.3) Armour
 + Level 7.2(6.7) Dodging
 + Level 2.4(2.0) Stealth
 + Level 6.8(6.3) Shields


You had 10 spell levels left.
You didn't know any spells.

Dungeon Overview and Level Annotations

Branches:
Dungeon (10/15)            Temple (0/1) D:4            Lair (0/6) D:8
    Orc: D:9-12

Altars:
Cheibriados
Gozag
Kikubaaqudgha
Nemelex Xobeh
Yredelemnul
The Shining One

Shops:
D:4 %   D:5 %   D:8 }

Annotations:
D:10 Joseph, Nergalle


Innate Abilities, Weirdness & Mutations

You reflexively headbutt those who attack you in melee.
You have a pair of horns on your head.


Message History

A starcursed mass splits.
Found a ration.
Found 32 gold pieces.
A starcursed mass splits.
A starcursed mass splits.
A chorus of shrieks assaults your mind.
* * * LOW HITPOINT WARNING * * *
A great orb of eyes comes into view.
The great orb of eyes turns its gaze towards you.
The great orb of eyes gazes at you.
You are confused.
A chorus of shrieks assaults your mind.
* * * LOW HITPOINT WARNING * * *
You bump into the stone wall.
A chorus of shrieks assaults your mind.
* * * LOW HITPOINT WARNING * * *
The great orb of eyes pulsates ominously.
The great orb of eyes gazes at you.
You are blasted!
You die...

. ..#... X...# #
# .#..#.....
#..##.. .. .
#........##...# #
...#....#X#.#...
....#.#####X.#.##
.# #.#...##..%.#
.......XX#....# .
####..####..#
#.@G# ..
.......###.#
##..... ..#
..###.. ## $.#
#.. ..# ..#


You could see 3 starcursed masses and a great orb of eyes.

Vanquished Creatures
  The ghost of Agrougrou the Fighter, a journeyman GnWn of Makhleb (D:10)
  Erica (D:10)
  A two-headed ogre (D:9)
  A death yak (D:8)
  A thrashing horror (Abyss:2)
  Pikel (D:6)
  A hellwing (Abyss:2)
  A troll (D:9)
  The ghost of eccles the Chopper, an amateur MiBe of Trog (D:4)
  Grinder (D:3)
  A hippogriff (D:7)
  2 wyverns (D:9)
  A human (D:8)
  Eustachio (D:4)
  Menkaure (D:7)
  An orc warrior (D:8)
  An ice beast (D:9)
  2 sky beasts
  A phantom (D:8)
  The ghost of Wendigo the Poker, an amateur MfGl (D:3)
  An eye of draining (D:9)
  5 ogres
  3 centaurs
  3 crocodiles
  4 bullfrogs
  A water moccasin zombie (D:5)
  A scorpion (D:6)
  2 howler monkeys
  4 wights (D:9)
  3 crimson imps
  A centaur zombie (D:9)
  2 bullfrog zombies
  5 hounds
  5 jellies
  A centaur skeleton (D:5)
  6 orc priests
  A quasit (D:10)
  Crazy Yiuf (D:4)
  6 orc wizards
  Ijyb (D:3)
  2 iguanas
  6 worker ants
  Robin (D:2)
  13 adders
  2 river rats (D:4)
  3 oozes
  An adder zombie (D:7)
  8 worms
  3 dart slugs (D:3)
  4 leopard geckos
  32 orcs
  5 giant cockroaches
  17 goblins
  15 hobgoblins
  13 jackals
  7 quokkas
  2 ball pythons
  15 bats
  3 frilled lizards
  10 kobolds
  A leopard gecko zombie (D:8)
  6 rats
247 creatures vanquished.

Vanquished Creatures (others)
  A fungus (D:8)
  A plant (D:8)
2 creatures vanquished.

Grand Total: 249 creatures vanquished

Notes
Turn   | Place    | Note
-------+----------+-------------------------------------------
     0 | D:1      | Madoushi the Minotaur Berserker began the quest for the Orb.
     0 | D:1      | Reached XP level 1. HP: 19/19 MP: 0/0
   210 | D:1      | Reached XP level 2. HP: 18/27 MP: 1/1
   331 | D:1      | Reached skill level 4 in Axes
  1136 | D:2      | Reached XP level 3. HP: 33/33 MP: 2/2
  1196 | D:2      | Reached ** piety under Trog
  1209 | D:2      | Noticed Robin
  1221 | D:2      | Killed Robin
  1221 | D:2      | Reached XP level 4. HP: 29/41 MP: 3/3
  1320 | D:2      | Reached skill level 5 in Axes
  1506 | D:2      | Found an ancient bone altar of Kikubaaqudgha.
  1607 | D:3      | Reached *** piety under Trog
  1607 | D:3      | Reached XP level 5. HP: 43/47 MP: 4/4
  1623 | D:3      | Noticed Grinder
  1625 | D:3      | Paralysed by Grinder for 4 turns
  1634 | D:3      | Paralysed by Grinder for 5 turns
  1645 | D:3      | Noticed Wendigo's ghost (amateur MfGl)
  1645 | D:3      | Paralysed by Grinder for 5 turns
  1656 | D:3      | Killed Grinder
  1656 | D:3      | Reached skill level 5 in Fighting
  1656 | D:3      | Reached skill level 6 in Axes
  1656 | D:3      | Reached XP level 6. HP: 21/56 MP: 5/5
  1659 | D:3      | Killed Wendigo's ghost
  1975 | D:3      | Noticed Ijyb
  1988 | D:3      | Killed Ijyb
  1993 | D:3      | Reached skill level 5 in Armour
  1993 | D:3      | Reached XP level 7. HP: 28/61 MP: 6/6
  1995 | D:3      | Reached skill level 7 in Axes
  2339 | D:3      | Found a snail-covered altar of Cheibriados.
  2407 | D:3      | Found a sparkling altar of Nemelex Xobeh.
  2407 | D:3      | Found a basalt altar of Yredelemnul.
  2753 | D:4      | Got a pitted whip
  2755 | D:4      | Identified the +4 whip of Tenacity {slash, Str+4} (You found it on level 4 of the Dungeon)
  2801 | D:4      | Reached **** piety under Trog
  2828 | D:4      | Found a staircase to the Ecumenical Temple.
  2836 | D:4      | Received a gift from Trog
  2899 | D:4      | Reached skill level 1 in Stealth
  2937 | D:4      | Found a runed door.
  2941 | D:4      | Noticed Crazy Yiuf
  2944 | D:4      | Killed Crazy Yiuf
  3068 | D:4      | Noticed Eustachio
  3079 | D:4      | Killed Eustachio
  3079 | D:4      | Reached skill level 1 in Maces & Flails
  3250 | D:4      | Found Xaose's Food Shop.
  3316 | D:4      | Found a glowing drain.
  3327 | Sewer    | Entered a sewer
  3656 | D:4      | Noticed eccles's ghost (amateur MiBe)
  3682 | D:4      | Killed eccles's ghost
  3682 | D:4      | Reached skill level 1 in Shields
  3682 | D:4      | Reached XP level 8. HP: 27/70 MP: 7/7
  3900 | D:5      | Entered Level 5 of the Dungeon
  3908 | D:5      | Reached skill level 8 in Axes
  3954 | D:5      | Found Ische's Food Shoppe.
  4303 | D:5      | Found a glowing golden altar of the Shining One.
  4646 | D:6      | Noticed Pikel
  4660 | D:6      | Killed Pikel
  4660 | D:6      | Reached skill level 5 in Maces & Flails
  4660 | D:6      | Reached skill level 5 in Dodging
  4660 | D:6      | Reached XP level 9. HP: 72/78 MP: 8/8
  4761 | D:6      | Found an opulent altar of Gozag.
  5561 | D:7      | Noticed Menkaure
  5567 | D:7      | Killed Menkaure
  5860 | D:8      | Received a gift from Trog
  6005 | D:8      | Found a staircase to the Lair.
  6006 | D:8      | Noticed a death yak
  6791 | D:8      | Reached XP level 10. HP: 74/88 MP: 9/9
  6888 | D:8      | Killed a death yak
  6888 | D:8      | Reached skill level 5 in Shields
  7013 | D:8      | Found Plog's Gadget Shop.
  7513 | D:9      | Reached ***** piety under Trog
  7760 | D:9      | Reached skill level 9 in Axes
  8764 | D:10     | Entered Level 10 of the Dungeon
  8856 | D:10     | Noticed Erica
  8876 | D:10     | Killed Erica
  9196 | D:10     | Noticed Agrougrou's ghost (journeyman GnWn)
  9198 | D:10     | Noticed a two-headed ogre
  9421 | D:9      | Killed a two-headed ogre
  9421 | D:9      | Reached skill level 10 in Axes
  9589 | D:10     | Killed Agrougrou's ghost
  9589 | D:10     | Reached XP level 11. HP: 57/97 MP: 3/10
  9812 | D:10     | Noticed Nergalle
 10226 | D:10     | Noticed Joseph
 10892 | D:10     | Cast into level 2 of the Abyss (Nergalle)
 10905 | Abyss:2  | Noticed a thrashing horror
 10936 | Abyss:2  | Killed a thrashing horror
 10994 | Abyss:2  | Noticed a starcursed mass
 11004 | Abyss:2  | Noticed a great orb of eyes
 11007 | Abyss:2  | Blown up by a great orb of eyes

Skill      XL: |  1  2  3  4  5  6  7  8  9 10 |
---------------+-------------------------------+-----
Fighting       | 4 5 6 7 9 |  9.2
Axes           | 4 5 6 7 8 10 | 10.4
Armour         | 3 4 5 6 7 8 |  8.8
Dodging        | 3 4 5 6 7 |  7.2
Stealth        | 1 2 |  2.4
Maces & Flails | 2 5 8 9 |  9.1
Shields        | 1 2 4 6 |  6.8

Action                   |  1- 3 |  4- 6 |  7- 9 | 10-12 || total
-------------------------+-------+-------+-------+-------++-------
Melee: Hand axe          |    93 |    93 |    45 |       ||   231
       Headbutt          |    12 |    18 |    84 |    54 ||   168
       Whip              |       |       |   322 |    22 ||   344
       Broad axe         |       |       |       |   170 ||   170
  Use: Scroll            |     4 |     1 |    14 |    12 ||    31
       Potion            |       |     2 |     4 |     8 ||    14
  Eat: Ration            |     1 |       |     3 |     4 ||     8
       Chunk             |       |       |     5 |     1 ||     6
Armor: Ring mail         |    26 |    38 |   100 |    74 ||   238
       Animal skin       |     3 |       |       |       ||     3
Dodge: Dodged            |    58 |    72 |   153 |   117 ||   400
Block: Buckler           |       |       |    13 |       ||    13
       Shield            |       |       |    73 |   129 ||   202
